 Dungeon Crawl Stone Soup version 0.21-a0-434-g806c6c2 (webtiles) character file.

10752 Ijustatesigmund the Commander (level 11, -11/72 HPs)
             Began as an Octopode Enchanter on Nov 8, 2017.
             Was a High Priest of Okawaru.
             Killed from afar by an electric eel (12 damage)
             ... with a bolt of electricity
             ... on level 10 of the Dungeon.
             The game lasted 00:47:33 (14904 turns).

Ijustatesigmund the Commander (Octopode Enchanter) Turns: 14904, Time: 00:47:34

Health: -11/72     AC:  1    Str: 13    XL:     11   Next: 67%
Magic:  23/23      EV: 18    Int: 19    God:    Okawaru [*****.]
Gold:   690        SH:  0    Dex: 15    Spells: 17/26 levels left

rFire    x . .     SeeInvis .   o - +4 short sword
rCold    + . .     Gourm    .   (no shield)
rNeg     . . .     Faith    .   (helmet restricted)
rPois    .         Spirit   .   G - amulet of regeneration
rElec    .         Reflect  .   k - ring of wizardry
rCorr    .         Harm     .   z - +4 ring of strength
MR       +....                  H - ring of protection from magic
Stlth    +++++.....             t - ring of ice
HPRegen  1.02/turn              (no ring)
MPRegen  0.18/turn              (no ring)
                                (no ring)
                                (no ring)

@: drained
A: almost no armour, stealthy swim, amphibious, 8 rings, constrict 8, camouflage
1, mutation resistance 1, regeneration 1, strong 1, gelatinous body 1
a: Heroism, Finesse, Renounce Religion


You were on level 10 of the Dungeon.
You worshipped Okawaru.
Okawaru was extremely pleased with you.
You were not hungry.

You visited 3 branches of the dungeon, and saw 13 of its levels.
You also visited: Ice Cave.

You collected 795 gold pieces.
You spent 105 gold pieces at shops.

Inventory:

Hand Weapons
 e - a +1 dagger
 o - a +4 short sword (weapon)
 A - a +3 morningstar
 I - the +2 war axe of the Sun {flame, Dex+5}
   (You found it on level 9 of the Dungeon)

   It has been specially enchanted to burn those struck by it, causing extra
   injury to most foes and up to half again as much damage against particularly
   susceptible opponents.
   Big, fiery blades are also staple armaments of hydra-hunters.
   It affects your dexterity (+5).
Missiles
 J - 6 javelins (quivered)
Jewellery
 k - a ring of wizardry (left tentacle)
 t - a ring of ice (on tentacle)
 z - a +4 ring of strength (right tentacle)
 C - a +3 amulet of reflection
 G - an amulet of regeneration (around mantle)
 H - a ring of protection from magic (on tentacle)
Wands
 a - a wand of flame (19/48)
 d - a wand of confusion (27/48)
 h - a wand of flame (23/48)
 n - a wand of disintegration (13/24)
 r - a wand of polymorph (0/24)
 x - a wand of random effects (15/48)
 F - a wand of acid (5/15)
 N - a wand of disintegration (16/24)
Scrolls
 c - 4 scrolls of remove curse
 g - 5 scrolls of immolation
 l - 3 scrolls of enchant armour
 s - 3 scrolls of amnesia
 w - a scroll of noise
 E - a scroll of teleportation
Potions
 f - a potion of invisibility
 j - 4 potions of curing
 p - a potion of haste
 q - 2 potions of flight
 u - a potion of brilliance
 v - a potion of lignification
 B - 3 potions of might
 D - 2 potions of agility
 K - a potion of mutation
Books
 b - a book of Maledictions

   Spells                             Type                      Level
   a - Corona                         Hexes                        1
   b - Ensorcelled Hibernation        Hexes/Ice                    2
   c - Confuse                        Hexes                        3
   d - Tukima's Dance                 Hexes                        3
   e - Dazzling Spray                 Conjuration/Hexes            3
 y - a book of Changes

   Spells                             Type                      Level
   a - Beastly Appendage              Transmutation                1
   b - Sticks to Snakes               Transmutation                2
   c - Spider Form                    Transmutation/Poison         3
   d - Ice Form                       Ice/Transmutation            4
   e - Blade Hands                    Transmutation                5
Comestibles
 i - 5 meat rations
 m - 4 bread rations


   Skills:
 - Level 6.3(6.1) Fighting
 - Level 4.2(4.1) Short Blades
 + Level 5.4(5.2) Throwing
 - Level 7.2(7.1) Dodging
 - Level 8.5(8.4) Stealth
 - Level 8.0(7.9) Spellcasting
 - Level 2.1(2.0) Conjurations
 - Level 3.0(2.9) Hexes
 - Level 3.0(2.9) Ice Magic
 - Level 9.5(9.4) Invocations


You had 17 spell levels left.
You knew the following spells:

 Your Spells              Type           Power        Failure   Level  Hunger
a - Corona                Hex            ###....      1%          1    None
b - Ensorcelled Hibernat  Hex/Ice        ####..       1%          2    None
c - Dazzling Spray        Conj/Hex       ###...       4%          3    None
d - Spider Form           Tmut/Pois      #.........   12%         3    None


Dungeon Overview and Level Annotations

Branches:
Dungeon (11/15)            Temple (1/1) D:7            Lair (1/6) D:10
    Orc (0/2) D:11

Altars:
Ashenzari
Cheibriados
Dithmenos
Elyvilon
Fedhas
Gozag
Hepliaklqana
Kikubaaqudgha
Makhleb
Nemelex Xobeh
Okawaru
Qazlal
Ru
Sif Muna
Trog
Uskayaw
Vehumet
Wu Jian
Xom
Yredelemnul
Zin
The Shining One

Shops:
D:4 [   D:8 *   D:9 *

Annotations:
D:3 Ijustatesigmund's ghost, amateur OpEn


Innate Abilities, Weirdness & Mutations

You cannot wear most types of armour.
You are very stealthy in the water. (Stealth+)
You are amphibious.
You can wear up to eight rings at the same time.
You can use your tentacles to constrict eight enemies at once.
Your skin changes colour to match your surroundings (Stealth+).
Your rubbery body absorbs attacks. (AC +1, EV +1)
You are somewhat resistant to further mutation.
Your natural rate of healing is unusually fast.
Your muscles are strong. (Str +2)


Message History

The bolt of electricity hits you!
The electric eel shoots out a bolt of lightning at you!
The bolt of electricity hits you!
The electric eel shoots out a bolt of lightning at you!
The bolt of electricity hits you!
The electric eel shoots out a bolt of lightning at you!
The bolt of electricity misses you. The bolt of electricity hits you!
The electric eel shoots out a bolt of lightning at you!
The bolt of electricity hits you!
* * * LOW HITPOINT WARNING * * *
There is an escape hatch in the ceiling here.
The electric eel shoots out a bolt of lightning at you!
The bolt of electricity hits you!
* * * LOW HITPOINT WARNING * * *
The bolt of electricity misses you.
The electric eel shoots out a bolt of lightning at you!
The bolt of electricity hits you!
* * * LOW HITPOINT WARNING * * *
The bolt of electricity hits you!
You die...

≈;≈≈≈≈≈≈≈≈≈≈≈..........##
##≈...
≈≈≈≈≈≈≈≈((≈≈≈≈####.....#
##... ≈≈≈≈≈≈≈≈≈≈;≈≈≈#
#.....# ####
≈≈≈≈≈≈≈≈≈≈;;;;####.....#
#..
≈≈≈≈≈≈≈≈≈≈≈≈...........#
#..
..≈≈≈≈≈≈≈≈≈≈...........#
#.. ≈≈#.......##### #..
#.......# ### #....@..#
#########


You could see 5 electric eels.

Vanquished Creatures
  2 two-headed ogres
  Pikel (D:9)
  An orc knight (D:10)
  2 spiny frogs (Lair:1)
  Maurice (D:8)
  2 komodo dragons (Lair:1)
  A troll (D:10)
  3 hippogriffs
  A hornet (D:9)
  3 blink frogs (Lair:1)
  A hungry ghost (D:9)
  A steam dragon (D:10)
  A basilisk (Lair:1)
  3 wargs
  4 water moccasins
  A porcupine (Lair:1)
  4 ice beasts
  4 sky beasts
  3 orc warriors
  8 centaurs
  2 crocodiles (Lair:1)
  4 bullfrogs
  2 big kobolds
  5 scorpions
  A water moccasin skeleton (D:11)
  14 wights
  3 electric eels (D:10)
  A howler monkey (D:6)
  2 jellies
  3 crimson imps
  A bullfrog zombie (D:9)
  A centaur zombie (D:6)
  5 hounds
  2 orc priests (D:10)
  Crazy Yiuf (D:2)
  3 orc wizards
  3 bullfrog skeletons
  Jessica (D:2)
  4 worker ants
  A hound zombie (D:5)
  3 hound skeletons
  13 adders
  3 shadow imps
  2 oozes (D:1)
  An adder zombie (D:7)
  7 worms
  3 dart slugs
  10 leopard geckos
  44 orcs
  4 ball pythons
  4 giant cockroaches
  14 goblins
  9 hobgoblins
  7 jackals
  16 kobolds
  5 quokkas
  6 bats
  10 frilled lizards
  A leopard gecko skeleton (D:5)
  A leopard gecko zombie (D:5)
  8 rats
277 creatures vanquished.

Vanquished Creatures (others)
  An orc (D:4)
  A quokka (D:4)
  A plant (Lair:1)
3 creatures vanquished.

Grand Total: 280 creatures vanquished

Notes
Turn   | Place    | Note
-------+----------+-------------------------------------------
     0 | D:1      | Ijustatesigmund the Octopode Enchanter began the quest for the Orb.
     0 | D:1      | Reached XP level 1. HP: 11/11 MP: 3/3
    65 | D:1      | Reached skill level 1 in Fighting
    92 | D:1      | Reached XP level 2. HP: 13/18 MP: 5/5
   106 | D:1      | Learned a level 2 spell: Ensorcelled Hibernation
   754 | D:1      | Reached XP level 3. HP: 16/24 MP: 6/6
  1197 | D:1      | Reached skill level 1 in Ice Magic
  1460 | D:2      | Reached XP level 4. HP: 25/30 MP: 7/7
  1778 | D:2      | Found a runed door.
  1782 | D:2      | Noticed Crazy Yiuf
  1792 | D:2      | Killed Crazy Yiuf
  2008 | D:2      | Noticed Jessica
  2021 | D:2      | Killed Jessica
  2021 | D:2      | Reached XP level 5. HP: 12/36 MP: 5/8
  3155 | D:3      | Noticed Ijustatesigmund's ghost (amateur OpEn)
  3340 | D:4      | Reached XP level 6. HP: 31/42 MP: 9/9
  3446 | D:5      | Entered Level 5 of the Dungeon
  3894 | D:4      | Gained mutation: Your natural rate of healing is unusually fast. [potion of mutation]
  3894 | D:4      | Gained mutation: Your muscles are strong. (Str +2) [potion of mutation]
  3894 | D:4      | Gained mutation: You are somewhat resistant to further mutation. [potion of mutation]
  3895 | D:4      | Found a white marble altar of Elyvilon.
  5290 | D:5      | Reached skill level 5 in Stealth
  5408 | D:5      | Reached XP level 7. HP: 46/47 MP: 10/10
  5744 | D:5      | Learned a level 3 spell: Dazzling Spray
  5957 | D:5      | You fall through a shaft for 3 floors!
  5975 | D:8      | Noticed a two-headed ogre
  6026 | D:8      | Noticed Maurice
  6149 | D:8      | Killed Maurice
  6149 | D:8      | Reached skill level 5 in Dodging
  6149 | D:8      | Reached XP level 8. HP: 49/54 MP: 8/11
  6878 | D:6      | Reached skill level 1 in Conjurations
  7360 | D:4      | Found Pust's Armour Shoppe.
  8389 | D:7      | Reached XP level 9. HP: 59/59 MP: 12/14
  8436 | D:7      | Found a staircase to the Ecumenical Temple.
  8446 | Temple   | Entered the Ecumenical Temple
  8541 | Temple   | Became a worshipper of Warmaster Okawaru
  8774 | D:7      | Found a snail-covered altar of Cheibriados.
  8880 | D:7      | Reached skill level 1 in Invocations
  9075 | D:7      | Reached skill level 2 in Invocations
  9719 | D:8      | Found Neegosib's Assorted Antiques.
  9727 | D:8      | Bought a scroll of teleportation for 105 gold pieces
  9839 | D:8      | Found an ornate altar of the Wu Jian Council.
  9839 | D:8      | Found an ancient bone altar of Kikubaaqudgha.
 10074 | D:9      | Reached skill level 3 in Invocations
 10124 | D:9      | Found Lykeg's General Store.
 10148 | D:9      | Killed a two-headed ogre
 10148 | D:9      | Reached * piety under Okawaru
 10148 | D:9      | Reached skill level 5 in Spellcasting
 10148 | D:9      | Reached skill level 4 in Invocations
 10231 | D:9      | Noticed a hornet
 10235 | D:9      | Got an iridescent war axe
 10237 | D:9      | Killed a hornet
 10237 | D:9      | Reached skill level 5 in Invocations
 10238 | D:9      | Identified the +2 war axe of the Sun {flame, Dex+5} (You found it on level 9 of the Dungeon)
 10257 | D:9      | Reached ** piety under Okawaru
 10446 | D:9      | Reached XP level 10. HP: 63/65 MP: 14/19
 10653 | D:9      | Reached skill level 6 in Invocations
 10912 | D:9      | Reached skill level 7 in Invocations
 10978 | D:9      | Noticed Pikel
 10989 | D:9      | Killed Pikel
 10989 | D:9      | Reached *** piety under Okawaru
 11184 | D:10     | Entered Level 10 of the Dungeon
 11453 | D:11     | Reached skill level 8 in Invocations
 11586 | D:11     | Reached **** piety under Okawaru
 11911 | D:11     | Found a staircase to the Orcish Mines.
 11972 | D:11     | Noticed a seven-headed hydra
 12249 | D:11     | Noticed a two-headed ogre
 12259 | D:11     | Killed a two-headed ogre
 12259 | D:11     | Reached skill level 5 in Fighting
 12259 | D:11     | Reached XP level 11. HP: 46/72 MP: 15/23
 12441 | D:10     | Reached skill level 9 in Invocations
 12609 | D:10     | Found a staircase to the Lair.
 12984 | D:10     | Learned a level 3 spell: Spider Form
 13102 | Lair:1   | Entered Level 1 of the Lair of Beasts
 13221 | Lair:1   | Reached ***** piety under Okawaru
 13382 | Lair:1   | Reached skill level 1 in Throwing
 13563 | Lair:1   | Found a frozen archway.
 13671 | IceCv    | Entered an ice cave
 13671 | IceCv    | Noticed a white ugly thing
 14177 | D:10     | Noticed an orc knight
 14192 | D:10     | Killed an orc knight
 14192 | D:10     | Received a gift from Okawaru
 14192 | D:10     | Reached skill level 5 in Throwing
 14904 | D:10     | HP: 1/72 [electric eel/bolt of electricity (10)]
 14904 | D:10     | Killed from afar by an electric eel

Vault maps used:
D:1:      erik_arrival_gehennom, serial_bayou_ford_a
D:2:      serial_bayou, serial_bayou_lagoon_a, serial_bayou_pond_d,
          serial_bayou_pond_b, serial_bayou_pond_e, grunt_decor_cap,
          minmay_randomly_rotated_circles, uniq_crazy_yiuf_cottage, uniq_jessica
D:4:      serial_shops, shop, elyvilon_altar_4
D:5:      first_bread
D:7:      lemuel_temple_firewalk_b, basic_altar
D:8:      minitemple, serial_shops, shop, grunt_decor_mini_mirrors, uniq_maurice
D:9:      serial_shops, shop, uniq_pikel
D:10:     cheibrodos_orc_bank, erik_lair_orcish_takeover,
          kennysheep_generic_room_6
D:11:     orc_0_dummy
Temple:   regret_index_temple_chain_breaker
Lair:1:   portal_ice_cave_entry_pillars_1, grunt_megastairs_5
IceCv:    ice_cave_statue_garden_teleport

Skill      XL: |  1  2  3  4  5  6  7  8  9 10 11 |
---------------+----------------------------------+-----
Fighting       | 1 2 3 4 5 6 |  6.3
Ice Magic      | 1 2 3 |  3.0
Short Blades   | 2 3 4 |  4.2
Stealth        | 5 8 |  8.5
Dodging        | 5 6 7 |  7.2
Conjurations   | 2 |  2.1
Spellcasting   | 3 6 8 |  8.0
Invocations    | 5 8 9 |  9.5
Throwing       | 5 |  5.4
Hexes          | |  3.0

Action                   |  1- 3 |  4- 6 |  7- 9 | 10-12 || total
-------------------------+-------+-------+-------+-------++-------
Melee: Dagger            |     7 |       |       |       ||     7
       Short sword       |    52 |   169 |   172 |   264 ||   657
       Constrict         |    12 |    36 |    25 |    51 ||   124
       Tentacles         |     8 |    19 |    29 |    61 ||   117
       Punch             |       |       |       |     1 ||     1
Throw: Javelin           |       |       |       |     2 ||     2
 Cast: Ensorcelled Hiber |       |    16 |    23 |    60 ||    99
       Dazzling Spray    |       |       |     8 |    29 ||    37
Invok: Heroism           |       |       |       |     8 ||     8
Evoke: Wand              |       |       |     4 |     9 ||    13
  Use: Scroll            |     4 |     6 |    14 |    15 ||    39
       Potion            |       |     3 |     2 |     4 ||     9
 Stab: Sleeping          |    20 |    19 |    23 |    40 ||   102
       Distracted        |       |     1 |       |       ||     1
       Invisible         |       |       |     4 |     3 ||     7
  Eat: Chunk             |     1 |     8 |     4 |     6 ||    19
       Bread ration      |       |     1 |     1 |     1 ||     3
       Royal jelly       |       |     1 |     3 |     1 ||     5
       Fruit             |       |       |     3 |     1 ||     4
       Meat ration       |       |       |       |     1 ||     1
Armor: Skin              |     3 |    14 |     8 |     3 ||    28
Dodge: Dodged            |    18 |    90 |   138 |   278 ||   524

Table legend:
 A = Spawn XP
 B = Non-spawn XP
 C = Spawn XP percentage of total XP
 D = Spawn monster count
 E = Non-spawn monster count
 F = Spawn count percentage of total count
 G = Total turns spent on level
                    A         B        C        D         E        F      G
               +---------+---------+-------+---------+---------+-------+---------
         Total |       0 |   15360 |   0.0 |       0 |     277 |   0.0 | 14904
               +---------+---------+-------+---------+---------+-------+---------
           D:1 |       0 |      59 |   0.0 |       0 |      30 |   0.0 |  1336
           D:2 |       0 |     178 |   0.0 |       0 |      32 |   0.0 |  1606
           D:3 |       0 |     101 |   0.0 |       0 |      29 |   0.0 |  1405
           D:4 |       0 |     332 |   0.0 |       0 |      14 |   0.0 |   742
           D:5 |       0 |     483 |   0.0 |       0 |      24 |   0.0 |  1323
           D:6 |       0 |     570 |   0.0 |       0 |      11 |   0.0 |  1349
           D:7 |       0 |     808 |   0.0 |       0 |      17 |   0.0 |  1340
           D:8 |       0 |     529 |   0.0 |       0 |       6 |   0.0 |   838
           D:9 |       0 |    3432 |   0.0 |       0 |      27 |   0.0 |  1159
          D:10 |       0 |    2823 |   0.0 |       0 |      48 |   0.0 |  1741
          D:11 |       0 |    2356 |   0.0 |       0 |      23 |   0.0 |   969
        Lair:1 |       0 |    3689 |   0.0 |       0 |      16 |   0.0 |   932
               +---------+---------+-------+---------+---------+-------+---------
